 Dungeon Sprint DCSS version 0.30-a0-1112-gfb780f5df6 (webtiles) character file.

Game seed: 12185744306391283602

77 123456 the Trooper (level 4, -7/45 HPs)
             Began as a Minotaur Fighter on Apr 19, 2023.
             Was an Initiate of Gozag.
             Mangled by a vampire (10 damage)
             ... in the Dungeon (Sprint IX: "|||||||||||||||||||||||||||||").
             The game lasted 00:00:43 (351 turns).

123456 the Trooper (Minotaur Fighter)                Turns: 351, Time: 00:00:44

Health: -7/45      AC: 14    Str: 21    XL:     4   Next: 14%
Magic:  3/3        EV: 10    Int:  5    God:    Gozag
Gold:   0          SH:  0    Dex: 11    Spells: 3/3 levels left

rFire   . . .      SeeInvis .    n - +2 morningstar (protect)
rCold   . . .      Faith    .    c - +0 buckler
rNeg    . . .      Spirit   .    p - +0 plate armour
rPois   .          Reflect  .    (helmet restricted)
rElec   .          Rampage  .    a - +0 cloak
rCorr   .          NoTele   +    o - +0 pair of gloves
Will    .....                    (no boots) Stlth
                                 (no amulet)
HPRegen 0.27/turn                q - +2 ring of evasion
MPRegen 0.08/turn                r - +2 ring of evasion

@: confused, lethally poisoned (-7 -> -13)
A: horns 2, retaliatory headbutt
a: Renounce Religion, Potion Petition, Call Merchant, Bribe Branch


You were in the Dungeon.
You worshipped Gozag.
Gozag was noncommittal.
You visited 1 branch

Inventory:

Hand Weapons
 n - a +2 morningstar of protection (weapon)
Armour
 a - a +0 cloak (worn)
 c - a +0 buckler (worn)
 o - a +0 pair of gloves (worn)
 p - a +0 plate armour (worn)
Jewellery
 q - a +2 ring of evasion (left hand)
 r - a +2 ring of evasion (right hand)
Wands
 m - a wand of acid (10)
Scrolls
 j - 2 scrolls of blinking
 l - 2 scrolls of amnesia
Potions
 d - a potion of might
 e - 2 potions of curing
 f - 3 potions of heal wounds
 g - a potion of haste
 h - 4 potions of magic
 i - a potion of berserk rage
 k - a potion of invisibility


   Skills:
 * Level 6.6 Fighting
 * Level 6.2 Maces & Flails
 + Level 5.3 Armour
 + Level 3.3 Dodging
 - Level 3.6 Shields


You had 3 spell levels left.
You didn't know any spells.
Your spell library was empty.

Dungeon Overview and Level Annotations

Branches:
Dungeon (1/1)

Altars:
Cheibriados
Dithmenos
Elyvilon
Fedhas
Gozag
Hepliaklqana
Kikubaaqudgha
Makhleb
Nemelex Xobeh
Okawaru
Qazlal
Ru
Sif Muna
Trog
Uskayaw
Vehumet
Wu Jian
Xom
Yredelemnul
Zin
The Shining One
Jiyva
Lugonu


Innate Abilities, Weirdness & Mutations

You have a pair of horns on your head.
You reflexively headbutt those who attack you in melee.


Message History

Unknown command.
You feel better. The vampire draws life force from you!
* * * LOW HITPOINT WARNING * * *
The vampire is healed by the life force!
You hit the vampire but do no damage.
Your weapon exudes an aura of protection.
You headbutt the vampire, but do no damage.
The vampire is moderately damaged.
The vampire hits you but does no damage.
The vampire bites you.
* * * LOW HITPOINT WARNING * * *
The vampire draws strength from your injuries!
You barely miss the vampire.
The vampire is moderately damaged.
The vampire casts a spell.
The vampire flickers and vanishes!
You feel better. Something completely misses you. Something bites you!
* * * LOW HITPOINT WARNING * * *
Something draws strength from your injuries!
You thump something!
Your weapon exudes an aura of protection.
Your headbutt misses something.
The kobold brigand throws a poisoned dart.
You block the poisoned dart. Something hits you but does no damage.
Something bites you.
* * * LOW HITPOINT WARNING * * *
Something draws strength from your injuries!
Something hits you but does no damage. Something bites you but does no damage.
Unknown command.
You barely miss something.
The kobold brigand throws a poisoned dart.
The poisoned dart hits you!
You are lethally poisoned!
You hear some strange, mumbled words.
You are confused.
You bump into the unnaturally hard rock wall.
* * * LOW HITPOINT WARNING * * *
You feel sick. Something hits you but does no damage. Something bites you!
You die...
Your body crumbles into a pile of gold.

▓.▓
$
▓.▓
$
▓)▓
$
▓.▓
$
▓.▓
▓.▓
$
▓.▓
▓.▓
$
▓@▓
▓{▓
$
▓K▓
$
▓{▓
$ $
▓O▓
$
▓g▓
$ $
▓.▓
$
▓.▓
$
▓+▓


You could see a two-headed ogre, a kobold brigand and a gnoll sergeant.

Vanquished Creatures
  A sleepcap (D)
  An orc wizard (D)
  2 shadow imps (D)
  2 orcs (D)
  2 ball pythons (D)
  A goblin (D)
  A quokka (D)
  A bat (D)
11 creatures vanquished.

Notes
Turn   | Place    | Note
-------+----------+-------------------------------------------
     0 | D        | 123456 the Minotaur Fighter began the quest for the Orb.
     0 | D        | Reached XP level 1. HP: 19/19 MP: 0/0
    10 | D        | Reached skill level 1 in Dodging
    30 | D        | Noticed a sleepcap
    32 | D        | Reached XP level 2. HP: 28/28 MP: 1/1
    38 | D        | Reached skill level 5 in Fighting
    43 | D        | Reached skill level 5 in Maces & Flails
    43 | D        | Reached XP level 3. HP: 24/37 MP: 2/2
    51 | D        | Reached skill level 5 in Armour
   254 | D        | Found a snail-covered altar of Cheibriados.
   254 | D        | Found a shadowy altar of Dithmenos.
   254 | D        | Found a white marble altar of Elyvilon.
   254 | D        | Found a blossoming altar of Fedhas.
   254 | D        | Found an opulent altar of Gozag.
   255 | D        | Found a hazy altar of Hepliaklqana.
   256 | D        | Found a viscous altar of Jiyva.
   257 | D        | Found an ancient bone altar of Kikubaaqudgha.
   258 | D        | Found a corrupted altar of Lugonu.
   259 | D        | Found a burning altar of Makhleb.
   260 | D        | Found a sparkling altar of Nemelex Xobeh.
   261 | D        | Found an iron altar of Okawaru.
   262 | D        | Became a worshipper of Gozag Ym Sagoz the Greedy
   263 | D        | Found a stormy altar of Qazlal.
   264 | D        | Found a sacrificial altar of Ru.
   265 | D        | Found a shimmering blue altar of Sif Muna.
   266 | D        | Found a bloodstained altar of Trog.
   267 | D        | Found a hide-covered altar of Uskayaw.
   268 | D        | Found a radiant altar of Vehumet.
   269 | D        | Found an ornate altar of the Wu Jian Council.
   270 | D        | Found a shimmering altar of Xom.
   271 | D        | Found a basalt altar of Yredelemnul.
   272 | D        | Found a glowing silver altar of Zin.
   273 | D        | Found a glowing golden altar of the Shining One.
   326 | D        | Noticed a vampire
   326 | D        | Noticed a kobold brigand
   326 | D        | Noticed a vampire
   326 | D        | Noticed a gnoll sergeant
   326 | D        | Noticed a two-headed ogre
   328 | D        | Reached XP level 4. HP: 45/45 MP: 3/3
   351 | D        | Mangled by a vampire

Illustrated notes

Levels and vault maps discovered:
D:        linesprint [early_d, line_temple, items_1, d_10, items_2, lair_1,
          lair_end, items_3, orc_1, orc_end, items_4, d_15, swamp_1, shoals_1,
          snake_1, spider_1, d_20, vaults_1, items_5, swamp_end, shoals_end,
          snake_end, spider_end, vaults_end, d_27, items_6, zot_1, zot_end,
          crypt_end, forest_end, elf_end, slime_end, tomb_end, abyss_end,
          pan_hell_end]

Skill      XL: |  1  2  3 |
---------------+----------+-----
Fighting       | 4 5 6 |  6.6
Maces & Flails | 3 5 6 |  6.2
Dodging        | 1 2 3 |  3.3
Armour         | 4 5 |  5.3
Shields        | |  3.6

Action                     |  1- 3 |  4- 6 || total
---------------------------+-------+-------++-------
  Melee: Flail             |    31 |       ||    31
         Headbutt          |     5 |     5 ||    10
         Morningstar       |     1 |    12 ||    13
    Use: Potion            |       |     3 ||     3
 Armour: Scale mail        |    12 |       ||    12
         Plate armour      |       |    18 ||    18
  Dodge: Dodged            |     7 |    11 ||    18
  Block: Buckler           |     6 |     3 ||     9

Table legend: (Time is in decaauts)
 A = Elapsed time spent in this place.
 B = Non-inter-level travel time spent in this place.
 C = Inter-level travel time spent in this place.
 D = Time resting spent in this place.
 E = Time spent auto-exploring this place.
 F = Levels seen in this place.
 G = Mean time per level.
                   A        B        C        D        E       F      G
               +--------+--------+--------+--------+--------+-----+--------+
         Total |    359 |    359 |      0 |    198 |     17 |   1 |  359.0 |
       Dungeon |    359 |    359 |      0 |    198 |     17 |   1 |  359.0 |
               +--------+--------+--------+--------+--------+-----+--------+

Top non-repeatable levels by time:
       D: 359 daAuts
